 Dungeon Crawl Stone Soup version 0.29-a0-284-gf9362112df (webtiles) character file.

Game seed: 3997080491442060547

46153 jlumianski the Carver (level 14, -17/105 HPs)
             Began as a Demonspawn Fighter on Mar 24, 2022.
             Was a High Priest of Okawaru.
             Demolished by a very large slime creature (45 damage)
             ... on level 15 of the Dungeon on Mar 26, 2022.
             The game lasted 01:19:52 (24572 turns).

jlumianski the Carver (Demonspawn Fighter)         Turns: 24572, Time: 01:19:52

Health: -17/105    AC: 25    Str: 30    XL:     14   Next: 3%
Magic:  0/19       EV: 15    Int:  6    God:    Okawaru [*****.]
Gold:   728        SH:  0    Dex: 15    Spells: 12/13 levels left

rFire   + . .      SeeInvis .   G - +11 plutonium sword {Contam Stlth-}
rCold   + + .      Faith    .   (shield currently unavailable)
rNeg    . . .      Spirit   +   b - +5 chain mail of the Beekeeper {Harm rC+ Str+4 Stlth-}
rPois   .          Reflect  .   Z - +2 hat
rElec   .          Harm     +   v - scarf {rC+ rF+}
rCorr   .          Rampage  .   q - +0 pair of gloves of Xaceesim {Str+2 Int-5 Stlth+}
Will    +....                   X - +2 pair of boots
Stlth   ..........              R - amulet of regeneration
HPRegen 1.07/turn               x - +4 ring of evasion
MPRegen 0.32/turn               H - +6 ring of strength

@: no status effects
A: antennae 2, icy blue scales 2, ignite blood 2, magic shield, magic
regeneration
a: Renounce Religion, Heroism, Finesse, Duel


You were on level 15 of the Dungeon.
You worshipped Okawaru.
Okawaru was extremely pleased with you.
You visited 3 branches of the dungeon, and saw 17 of its levels.

You collected 893 gold pieces.
You spent 165 gold pieces at shops.

Inventory:

Hand Weapons
 G - the +11 plutonium sword (weapon) {Contam Stlth-}
   (You found it on level 7 of the Dungeon)

   It occasionally inflicts wild transmutation effects on those it strikes,
   inflicting malmutation or extra damage, or polymorphing them into a new form.
   Contam:    It causes magical contamination when unequipped.
   Stlth:     It makes you less stealthy.
 P - the +6 short sword "Gyurph" {vorpal, *Corrode rC++ MP+9}
   (Okawaru gifted it to you on level 12 of the Dungeon)

   It inflicts extra damage upon your enemies.
   rC:        It greatly protects you from cold.
   MP:        It affects your magic capacity (+9).
   *Corrode:  It may corrode you when you take damage.
Missiles
 m - 5 boomerangs (quivered)
 C - 16 poisoned darts
 E - a throwing net
 K - a curare-tipped dart
 N - 6 atropa-tipped darts
Armour
 b - the +5 chain mail of the Beekeeper (worn) {Harm rC+ Str+4 Stlth-}
   (You found it on level 15 of the Dungeon)

   Str:       It affects your strength (+4).
   rC:        It protects you from cold.
   Harm:      It increases damage dealt and taken.
   Stlth:     It makes you less stealthy.
 i - the +6 scale mail "Zuuraes" {Stlth+}
   (You found it on level 11 of the Dungeon)

   Stlth:     It makes you more stealthy.
 q - the +0 pair of gloves of Xaceesim (worn) {Str+2 Int-5 Stlth+}
   (You found it on level 2 of the Dungeon)

   Str:       It affects your strength (+2).
   Int:       It affects your intelligence (-5).
   Stlth:     It makes you more stealthy.
 v - a scarf of resistance (worn)
 X - a +2 pair of boots (worn)
 Z - a +2 hat (worn)
Jewellery
 a - a ring of protection from cold
 k - a ring of fire
 x - a +4 ring of evasion (left hand)
 H - a +6 ring of strength (right hand)
 R - an amulet of regeneration (around neck)
 V - a ring of resist corrosion
Wands
 c - a wand of iceblast (6)
 I - a wand of digging (3)
 M - a wand of acid (8)
 O - a wand of polymorph (17)
Scrolls
 e - 6 scrolls of teleportation
 f - 3 scrolls of blinking
 r - a scroll of fear
 y - 3 scrolls of fog
 z - 3 scrolls of enchant armour
 D - a scroll of identify
Potions
 d - 2 potions of might
 l - 3 potions of haste
 p - 5 potions of curing
 s - 2 potions of ambrosia
 A - a potion of cancellation
 B - 3 potions of attraction
 Q - a potion of magic
 T - a potion of heal wounds
 W - 2 potions of lignification


   Skills:
 + Level 8.1 Fighting
 * Level 14.5 Long Blades
 - Level 4.8 Axes
 + Level 3.0 Throwing
 + Level 8.1 Armour
 + Level 4.3 Dodging
 - Level 3.8 Stealth
 + Level 3.7 Shields
 + Level 0.1 Spellcasting
 * Level 8.3 Fire Magic
 - Level 7.9 Invocations
 * Level 5.9 Evocations


You had 12 spell levels left.
You knew the following spells:

 Your Spells              Type           Power      Damage    Failure   Level
a - Foxfire               Conj/Fire      20%        2x1d5     36%         1

Your spell library contained the following spells:

 Spells                   Type           Power      Damage    Failure   Level
 Conjure Flame            Conj/Fire      5%         6-21      73%         3
 Inner Flame              Hex/Fire       5%         N/A       75%         3
 Sublimation of Blood     Necr           0%         N/A       97%         2
 Wereblood                Tmut           0%         N/A       97%         2
 Flame Wave               Conj/Fire      5%         2d5       98%         4
 Alistair's Intoxication  Tmut/Pois      0%         N/A       100%        5
 Blade Hands              Tmut           0%         N/A       100%        5
 Borgnjor's Vile Clutch   Necr/Erth      0%         N/A       100%        5
 Eringya's Noxious Bog    Tmut/Pois      0%         N/A       100%        6
 Iron Shot                Conj/Erth      0%         9d1       100%        6
 Animate Armour           Summ/Erth      Unusable   N/A       N/A         4
 Summon Hydra             Summ           Unusable   N/A       N/A         7

Dungeon Overview and Level Annotations

Branches:
Dungeon (15/15)            Temple (1/1) D:4            Lair (1/6) D:8
    Orc (0/2) D:12         Vaults (0/5) D:13
 Depths: D:15

Altars:
Cheibriados
Gozag
Okawaru
Trog
Vehumet
The Shining One

Shops:
D:5 !

Annotations:
D:9 4 runed translucent doors, IdlyInterested's ghost, novice DsGl; domi's ghost, novice DsWz; sammy202020's ghost, novice DsBe; snackwell's ghost, novice OpEn
D:13 1 runed translucent door


Innate Abilities, Weirdness & Mutations

You have a pair of antennae on your head.
You are mostly covered in icy blue scales. (AC +3)
Your demonic aura often causes spilled blood to erupt in flames.
When hurt, damage is shared between your health and your magic reserves.
You regenerate magic rapidly.


Message History

The large slime creature barely misses you.
Two slime creatures merge to form a very large slime creature.
A large slime creature splits.
You slash the slime creature!
Mutagenic energy flows through the plutonium sword!
The slime creature is flooded with distortional energies.
The slime creature twists and deforms.
The slime creature is heavily wounded.
The slime creature hits you but does no damage. x2
You cut the slime creature into ribbons!!!
You kill the slime creature!
Okawaru accepts your kill.
The very large slime creature hits you!!
The slime creature hits you but does no damage.
You slash the slime creature!
The slime creature is severely wounded.
The very large slime creature hits you!!!
The slime creature hits you but does no damage.
You slice the slime creature!!
You kill the slime creature!
Okawaru accepts your kill.
The very large slime creature is engulfed in blazing flames.
The very large slime creature closely misses you.
The very large slime creature is engulfed in blazing flames.
The very large slime creature attacks as you move away!
The very large slime creature hits you!
* * * LOW HITPOINT WARNING * * *
The very large slime creature is engulfed in blazing flames.
The very large slime creature is engulfed in blazing flames.
The very large slime creature attacks as you move away!
The very large slime creature barely misses you.
Things that are here:
a +0 glaive; 24 stones; a +0 leather armour
Things that are here:
a +4 scimitar of flaming; a glowing shapeshifter corpse The very large slime creature attacks as you move away!
The very large slime creature closely misses you.
The very large slime creature attacks as you move away!
The very large slime creature hits you!!!
You die...

#.## J#†##.##.###........
#..#### ...##..#.# #.#######
#.....# ...###...#.###)# ##
#..##.##...# #).###....(# ##.
#†.##.###.# ##)##......######..
#.###.#######..)##.............
#..........#.....#.....####....
#..#..######..J..#..).###......
##.#..# #.##.@.###............
#..#..####..##.## #..####......
#.##.........#'# #).######....
#.##.#...#.....# #)...........
#.##..###...#### ##..##########
#..#.#####..######.....# #
##.#.##............).#.# #
#.#.##.##.#.#####.....# #
#....#.#^##.# #..##.# #


You could see a very large slime creature.

Vanquished Creatures
  Frances (D:12)
  7 vault guards
  A great orb of eyes (D:15)
  5 boulder beetles
  3 hydras
  An ogre mage (D:15)
  Erica (D:9)
  A catoblepas (D:14)
  4 centaur warriors
  5 two-headed ogres
  5 tengu warriors
  4 skeletal warriors (D:15)
  A deep troll (shapeshifter) (D:13)
  A deep elf pyromancer (D:9)
  15 ugly things
  3 manticores
  8 cyclopes
  An elephant (D:14)
  3 freezing wraiths
  2 efreet
  A tengu conjurer (D:15)
  3 meliai (D:13)
  A troll (D:14)
  6 slime creatures
  2 wyverns (D:10)
  5 yaks (D:12)
  3 wraiths
  A shadow (D:9)
  A basilisk (D:14)
  14 vampire mosquitoes
  A redback (shapeshifter) (D:15)
  3 acid dragons
  A floating eye (D:15)
  2 sky beasts
  3 orc warriors
  A black bear (Temple)
  A wolf (D:7)
  2 ogres (D:15)
  20 centaurs
  3 bullfrogs
  2 kobold brigands
  Blork the orc (D:5)
  A gnoll sergeant (D:9)
  A necrophage (Temple)
  2 scorpions
  10 wights
  5 killer bees (D:11)
  2 howler monkeys
  5 hounds
  5 orc priests
  4 iguanas
  19 orc wizards
  A mummy (D:12)
  12 gnolls
  7 adders
  A shadow imp (D:7)
  A white imp (D:5)
  An ufetubus (D:5)
  A worm (D:3)
  A dart slug (D:5)
  45 orcs
  6 ball pythons
  5 endoplasms
  3 giant cockroaches
  4 goblins
  9 hobgoblins
  7 jackals
  4 quokkas
  11 bats
  6 frilled lizards
  11 kobolds
  6 rats
345 creatures vanquished.

Vanquished Creatures (others)
  7 foxfires
  2 plants (D:15)
  2 withered plants (D:9)
11 creatures vanquished.

Grand Total: 356 creatures vanquished

Notes
Turn   | Place    | Note
-------+----------+-------------------------------------------
     0 | D:1      | jlumianski the Demonspawn Fighter began the quest for the
                  | Orb.
     0 | D:1      | Reached XP level 1. HP: 18/18 MP: 1/1
   247 | D:1      | Gained mutation: You regenerate magic rapidly. [demonic
                  | ancestry]
   247 | D:1      | Reached XP level 2. HP: 24/24 MP: 2/2
   989 | D:1      | Gained mutation: Your demonic aura sometimes causes spilled
                  | blood to erupt in flames. [demonic ancestry]
   989 | D:1      | Reached XP level 3. HP: 24/29 MP: 3/3
  1086 | D:2      | Identified the +0 pair of gloves of Xaceesim {Str+2 Int-5
                  | Stlth+}
  1318 | D:2      | Learned a level 1 spell: Foxfire
  1663 | D:2      | Reached XP level 4. HP: 32/35 MP: 4/4
  1956 | D:2      | Found a faded altar of an unknown god.
  2341 | D:3      | Found a radiant altar of Vehumet.
  2876 | D:2      | Reached skill level 1 in Fire Magic
  3106 | D:3      | Gained mutation: You have a pair of small antennae on your
                  | head. [demonic ancestry]
  3106 | D:3      | Reached XP level 5. HP: 33/41 MP: 5/5
  3857 | D:3      | Reached skill level 1 in Stealth
  3863 | D:3      | HP: 2/41 [poisoned by a scorpion]
  4557 | D:3      | Reached XP level 6. HP: 27/47 MP: 6/6
  5565 | D:4      | Found a staircase to the Ecumenical Temple.
  5575 | Temple   | Entered the Ecumenical Temple
  5579 | Temple   | Became a worshipper of Warmaster Okawaru
  5611 | Temple   | Reached skill level 1 in Throwing
  5790 | Temple   | Reached skill level 1 in Dodging
  5790 | Temple   | Gained mutation: When hurt, damage is shared between your
                  | health and your magic reserves. [demonic ancestry]
  5790 | Temple   | Reached XP level 7. HP: 42/53 MP: 7/7
  6325 | D:5      | Entered Level 5 of the Dungeon
  6550 | D:5      | Found Wiptiemm's Distillery.
  6559 | D:5      | Bought a potion of mutation for 88 gold pieces
  6559 | D:5      | Bought a potion of curing for 33 gold pieces
  6559 | D:5      | Bought a potion of curing for 33 gold pieces
  6559 | D:5      | Bought a potion of degeneration for 11 gold pieces
  7932 | D:5      | Reached * piety under Okawaru
  8002 | D:6      | Noticed Blork the orc
  8012 | D:5      | Reached XP level 8. HP: 55/60 MP: 6/8
  8012 | D:5      | Killed Blork the orc
  8143 | D:6      | Reached skill level 1 in Invocations
  8914 | D:7      | Found the +11 plutonium sword {Contam Stlth-}
  9169 | D:7      | Reached ** piety under Okawaru
  9170 | D:7      | Reached skill level 1 in Long Blades
  9203 | D:7      | Reached skill level 5 in Armour
  9567 | D:7      | Reached skill level 2 in Long Blades
  9823 | D:8      | You fall into a shaft and drop 2 floors!
  9823 | D:10     | Entered Level 10 of the Dungeon
  9845 | D:10     | Noticed a tengu warrior
  9848 | D:10     | Noticed a tengu warrior
  9881 | D:9      | HP: 3/61 [vampire mosquito (6)]
 10136 | D:9      | Noticed Erica
 10140 | D:9      | Killed Erica
 10141 | D:9      | Reached skill level 3 in Long Blades
 10141 | D:9      | Gained mutation: Your demonic aura often causes spilled
                  | blood to erupt in flames. [demonic ancestry]
 10141 | D:9      | Reached XP level 9. HP: 49/66 MP: 7/11
 10282 | D:9      | Reached skill level 4 in Long Blades
 10442 | D:9      | Noticed a deep elf pyromancer
 10454 | D:9      | Killed a deep elf pyromancer
 10454 | D:9      | Reached *** piety under Okawaru
 10850 | D:9      | Reached skill level 5 in Long Blades
 11398 | D:8      | Received a gift from Okawaru
 11680 | D:8      | Found a staircase to the Lair.
 11783 | Lair:1   | Entered Level 1 of the Lair of Beasts
 11828 | D:8      | Reached skill level 5 in Fire Magic
 11833 | D:8      | Gained mutation: You are partially covered in icy blue
                  | scales. (AC +2) [demonic ancestry]
 11833 | D:8      | Reached XP level 10. HP: 28/66 MP: 7/13
 11837 | D:8      | Reached skill level 6 in Long Blades
 12054 | D:9      | Reached skill level 5 in Invocations
 12335 | D:9      | Reached skill level 5 in Fighting
 12339 | D:9      | Found a runed translucent gate.
 12340 | D:9      | Found a runed translucent gate.
 12341 | D:9      | Found a runed translucent gate.
 12342 | D:9      | Noticed IdlyInterested's ghost (novice DsGl)
 12344 | D:9      | Noticed domi's ghost (novice DsWz)
 12344 | D:9      | Noticed snackwell's ghost (novice OpEn)
 12344 | D:9      | Noticed sammy202020's ghost (novice DsBe)
 12963 | D:9      | Noticed a wolf spider
 12963 | D:9      | Noticed an ogre mage
 12964 | D:9      | Found a runed translucent door.
 12966 | D:9      | Noticed an orc knight
 12966 | D:9      | Noticed a centaur warrior
 12966 | D:9      | Identified the ring "Disk" {Str+6 SInv}
 12966 | D:9      | Noticed a centaur warrior
 13326 | D:10     | Reached **** piety under Okawaru
 13917 | D:10     | Reached skill level 7 in Long Blades
 13969 | D:10     | Killed a tengu warrior
 14079 | D:10     | Killed a tengu warrior
 14079 | D:10     | Reached ***** piety under Okawaru
 14473 | D:11     | Identified the +6 scale mail "Zuuraes" {Stlth+}
 14522 | D:11     | Noticed a two-headed ogre
 14547 | D:11     | Reached skill level 8 in Long Blades
 14550 | D:11     | Killed a two-headed ogre
 14550 | D:11     | Received a gift from Okawaru
 14650 | D:11     | Noticed a tengu warrior
 14651 | D:11     | Noticed a tengu warrior
 14661 | D:11     | Killed a tengu warrior
 14662 | D:11     | Reached XP level 11. HP: 61/81 MP: 12/16
 14670 | D:11     | Killed a tengu warrior
 14670 | D:11     | Received a gift from Okawaru
 15197 | D:12     | Noticed a four-headed hydra
 15536 | D:11     | Noticed a two-headed ogre
 15544 | D:11     | Killed a two-headed ogre
 15621 | D:11     | Reached skill level 9 in Long Blades
 15841 | D:12     | Killed a one-headed hydra
 16137 | D:12     | Reached skill level 1 in Evocations
 16199 | D:12     | Noticed a green ugly thing
 16206 | D:12     | Killed a green ugly thing
 16221 | D:12     | Noticed a boulder beetle
 16235 | D:12     | Killed a boulder beetle
 16235 | D:12     | Identified the +5 executioner's axe "Ytikh" {pain, Str+3
                  | Stlth+} (Okawaru gifted it to you on level 12 of the
                  | Dungeon)
 16235 | D:12     | Received a gift from Okawaru
 16236 | D:12     | Reached skill level 10 in Long Blades
 16240 | D:12     | Noticed a boulder beetle
 16534 | D:11     | Killed a boulder beetle
 16767 | D:12     | Noticed an eight-headed hydra
 16774 | D:12     | Killed an eight-headed hydra
 16799 | D:12     | Found a staircase to the Orcish Mines.
 16881 | D:12     | Found a snail-covered altar of Cheibriados.
 16933 | D:12     | Noticed Frances
 16940 | D:12     | Killed Frances
 16941 | D:12     | Gained mutation: You have a pair of antennae on your head.
                  | [demonic ancestry]
 16941 | D:12     | Reached XP level 12. HP: 46/89 MP: 8/17
 17243 | D:12     | Identified the +6 short sword "Gyurph" {vorpal, *Corrode
                  | rC++ MP+9} (Okawaru gifted it to you on level 12 of the
                  | Dungeon)
 17243 | D:12     | Received a gift from Okawaru
 17244 | D:12     | Reached skill level 11 in Long Blades
 17296 | D:13     | Noticed a centaur warrior
 17358 | D:13     | Killed a centaur warrior
 17713 | D:13     | Noticed a centaur warrior
 17721 | D:13     | Killed a centaur warrior
 17959 | D:13     | Noticed a two-headed ogre
 17962 | D:13     | Killed a two-headed ogre
 18008 | D:13     | Reached ****** piety under Okawaru
 18008 | D:13     | Identified the +6 kite shield of the Intense Hot Ocelot
                  | {Int+3} (Okawaru gifted it to you on level 13 of the
                  | Dungeon)
 18008 | D:13     | Received a gift from Okawaru
 18114 | D:13     | Noticed a vault guard
 18114 | D:13     | Noticed a vault guard
 18114 | D:13     | Noticed a vault guard
 18141 | D:13     | Reached skill level 12 in Long Blades
 18158 | D:12     | Killed a vault guard
 18418 | D:13     | Found a runed translucent door.
 18419 | D:13     | Noticed a centaur warrior
 18420 | D:13     | Noticed an eight-headed hydra
 18421 | D:13     | Noticed a frost giant
 18421 | D:13     | Noticed a boulder beetle
 18422 | D:13     | Noticed a two-headed ogre
 18425 | D:13     | Noticed a seven-headed hydra
 18441 | D:13     | Killed a seven-headed hydra
 18666 | D:13     | Noticed a vault guard
 18667 | D:13     | Noticed a vault guard
 18695 | D:12     | Killed a vault guard
 18821 | D:13     | Killed a vault guard
 18948 | D:13     | Noticed a vault guard
 18961 | D:13     | Killed a vault guard
 19114 | D:13     | Found a gate to the Vaults.
 19127 | D:13     | Noticed a vault guard
 19145 | D:13     | Killed a vault guard
 19408 | D:13     | Noticed a vault guard
 19415 | D:13     | Killed a vault guard
 19620 | D:13     | Noticed a centaur warrior
 19620 | D:13     | Noticed a five-headed hydra
 19625 | D:13     | Killed a vault guard
 19626 | D:13     | Reached XP level 13. HP: 42/96 MP: 6/18
 20811 | D:14     | Found an opulent altar of Gozag.
 21303 | D:14     | Reached skill level 13 in Long Blades
 21888 | D:14     | Identified the +2 war axe of Overwhelming Force {spect,
                  | Drain +Blink Str+4} (Okawaru gifted it to you on level 14
                  | of the Dungeon)
 21888 | D:14     | Received a gift from Okawaru
 22006 | D:15     | Entered Level 15 of the Dungeon
 22124 | D:15     | Reached skill level 5 in Evocations
 23103 | D:15     | Identified the +5 kite shield of the Delicate God {+Blink
                  | rElec Regen+ Int-2} (Okawaru gifted it to you on level 15
                  | of the Dungeon)
 23103 | D:15     | Received a gift from Okawaru
 23427 | D:15     | Reached skill level 14 in Long Blades
 24262 | D:15     | Identified the +5 chain mail of the Beekeeper {Harm rC+
                  | Str+4 Stlth-}
 24347 | D:15     | Noticed an iron dragon
 24348 | D:15     | Noticed an acid blob
 24348 | D:15     | an iron dragon changed into an acid blob
 24352 | D:15     | an acid blob changed into an iron troll
 24353 | D:15     | Noticed a stone giant
 24353 | D:15     | an iron troll changed into a stone giant
 24357 | D:15     | Noticed a sphinx
 24357 | D:15     | a stone giant changed into a sphinx
 24358 | D:15     | a sphinx changed into an iron troll
 24492 | D:15     | Gained mutation: You are mostly covered in icy blue scales.
                  | (AC +3) [demonic ancestry]
 24492 | D:15     | Reached XP level 14. HP: 93/105 MP: 19/19
 24572 | D:15     | Demolished by a very large slime creature

Illustrated notes

Levels and vault maps discovered:
D:1:      dpeg_arrival_round_b, layout_loops_ring
D:2:      layout_loops_corners, hellmonk_ecumenical_altar_zigzags,
          nicolae_figureground_sparkle
D:3:      layout_basic, nicolae_vehumet_radiance, kennysheep_generic_room_9
D:4:      layout_loops_corners, minmay_temple_entry_hall
D:5:      layout_cave_pods, serial_shops, shop
D:6:      layout_cave_pools, serial_rivers, chequers_serial_rivers_small_b,
          chequers_serial_rivers_small_b, chequers_serial_rivers_micro_d,
          chequers_serial_rivers_large_a, chequers_serial_rivers_room_a,
          chequers_serial_rivers_room_a, uniq_blork_the_orc
D:7:      layout_loops_ring
D:8:      layout_cave_pools, lair_entry_dummy, serial_park, serial_park_tiny_2,
          serial_park_avenue1, serial_park_square3
          [serial_park_minivault_5x5_1], serial_park_tiny_pond
D:9:      minmay_gate_of_8, layout_loops_corners, gammafunk_ghost_cemetery,
          uniq_erica
D:10:     layout_small_grid
D:11:     layout_long_grid, minivault_21
D:12:     layout_rooms, orc_0_dummy, minmay_misc_feat_tiny, slow_altar_2,
          uniq_frances
D:13:     layout_grid_maze, erik_vaults_2, minmay_st_funbox
D:14:     layout_loops_corners, grunt_gozag_statues
D:15:     gammafunk_enter_depths_forms, layout_loops_ring,
          grunt_decor_arrowhead, tso_oasis_becter
Temple:   regret_index_temple_sigil_plot
Lair:1:   layout_gridlike, dreamdust_gnoll_shepherd, lemuel_fruit_tree,
          uniq_harold

Skill      XL: |  1  2  3  4  5  6  7  8  9 10 11 12 13 |
---------------+----------------------------------------+-----
Axes           | 2 3 4 |  4.8
Armour         | 3 4 5 6 7 8 |  8.1
Shields        | 3 |  3.7
Fire Magic     | 1 2 3 4 5 6 7 8 |  8.3
Stealth        | 1 2 3 |  3.8
Throwing       | 1 2 3 |  3.0
Dodging        | 1 2 3 4 |  4.3
Fighting       | 4 5 6 7 8 |  8.1
Invocations    | 3 4 7 |  7.9
Long Blades    | 3 5 8 10 12 14 | 14.5
Evocations     | 2 4 5 |  5.9
Spellcasting   | |  0.1

Action                   |  1- 3 |  4- 6 |  7- 9 | 10-12 | 13-15 || total
-------------------------+-------+-------+-------+-------+-------++-------
Melee: War axe           |   131 |   222 |   157 |       |       ||   510
       Triple sword      |       |       |   102 |   305 |   195 ||   602
       Scimitar          |       |       |       |     6 |       ||     6
Throw: Stone             |    16 |    53 |     7 |       |       ||    76
       Boomerang         |       |       |     5 |    35 |     7 ||    47
       Dart              |       |       |     3 |     6 |       ||     9
 Cast: Foxfire           |       |     1 |       |       |     3 ||     4
Invok: Heroism           |       |       |     2 |     7 |     3 ||    12
       Finesse           |       |       |       |     4 |     3 ||     7
Evoke: Wand              |       |       |       |     2 |       ||     2
  Use: Scroll            |     1 |     6 |    10 |     2 |     3 ||    22
       Potion            |     1 |     1 |     9 |       |       ||    11
 Stab: Sleeping          |       |     3 |     3 |     2 |     3 ||    11
Armor: Scale mail        |    78 |   102 |   122 |   195 |    91 ||   588
       Chain mail        |       |       |    26 |    34 |    20 ||    80
Dodge: Dodged            |    74 |    95 |   234 |   370 |   188 ||   961
Block: Buckler           |    42 |    49 |    46 |       |       ||   137

Table legend: (Time is in decaauts)
 A = Elapsed time spent in this place.
 B = Non-inter-level travel time spent in this place.
 C = Inter-level travel time spent in this place.
 D = Time resting spent in this place.
 E = Time spent auto-exploring this place.
 F = Levels seen in this place.
 G = Mean time per level.
                   A        B        C        D        E       F      G
               +--------+--------+--------+--------+--------+-----+--------+
         Total |  24995 |  24116 |    879 |   2888 |  16107 |  17 | 1470.3 |
       Dungeon |  24824 |  23947 |    877 |   2774 |  16107 |  15 | 1654.9 |
        Temple |    166 |    166 |      0 |    114 |      0 |   1 |  166.0 |
          Lair |      4 |      2 |      2 |      0 |      0 |   1 |    4.0 |
               +--------+--------+--------+--------+--------+-----+--------+

Top non-repeatable levels by time:
    D:13: 2699 daAuts
     D:9: 2581 daAuts
     D:3: 2405 daAuts
    D:14: 2127 daAuts
    D:11: 1934 daAuts
    D:15: 1832 daAuts
     D:4: 1738 daAuts
     D:5: 1549 daAuts
    D:12: 1391 daAuts
     D:2: 1381 daAuts
    D:10: 1268 daAuts
     D:8: 1179 daAuts
     D:1: 1025 daAuts
     D:6: 859 daAuts
     D:7: 850 daAuts
